 Dungeon Crawl Stone Soup version 0.30-a0-939-gc8157cb160 (webtiles) character file.

Game seed: 17317454630372582872

147 CryoSword the Gusty (level 4, -2/33 HPs)
             Began as a Demigod Air Elementalist on Mar 25, 2023.
             Slain by a sleepcap (3 damage)
             ... on level 3 of the Dungeon.
             The game lasted 00:03:43 (2446 turns).

CryoSword the Gusty (Demigod Air Elementalist)      Turns: 2446, Time: 00:03:43

Health: -2/33      AC:  2    Str:  9    XL:     4   Next: 81%
Magic:  0/9        EV: 12    Int: 21    God:
Gold:   85         SH:  0    Dex: 14    Spells: 3/6 levels left

rFire   . . .      SeeInvis .    k - +0 spear
rCold   . . .      Faith    .    (no shield)
rNeg    . . .      Spirit   .    a - +0 robe
rPois   .          Reflect  .    (no helmet)
rElec   .          Rampage  .    l - scarf {shadows}
rCorr   .                        (no gloves)
Will    .....                    (no boots)
Stlth   ++                       (no amulet)
HPRegen 0.25/turn                m - ring of flight
MPRegen 0.11/turn                (no ring)

@: flying, very slightly contaminated
A: high MP 1, forlorn, divine attributes
a: no special abilities


You were on level 3 of the Dungeon.
You visited 1 branch of the dungeon, and saw 3 of its levels.

You collected 85 gold pieces.

Inventory:

Hand Weapons
 k - a +0 spear (weapon)
   (You found it on level 2 of the Dungeon)
Armour
 a - a +0 robe (worn)
 l - a scarf of shadows (worn)
   (You found it on level 2 of the Dungeon)
Jewellery
 m - a ring of flight (left hand)
   (You found it on level 2 of the Dungeon)
Scrolls
 e - a scroll of noise {unknown}
 i - a scroll of teleportation {unknown}
 j - a scroll of fog {unknown}
Potions
 b - a potion of might {unknown}
 c - 2 potions of degeneration {unknown}
 d - a potion of haste {unknown}
 f - a potion of curing {unknown}
 g - a potion of flight {unknown}
 h - 2 potions of ambrosia {unknown}


   Skills:
 + Level 0.1 Fighting
 + Level 0.1 Polearms
 - Level 1.7 Dodging
 - Level 1.7 Stealth
 + Level 1.8 Spellcasting
 * Level 3.1 Conjurations
 * Level 4.1 Air Magic


You had 3 spell levels left.
You knew the following spells:

 Your Spells              Type           Power      Damage    Failure   Level
a - Shock                 Conj/Air       68%        1d7       3%          1
b - Static Discharge      Conj/Air       34%        2-4/arc   4%          2

Your spell library contained the following spells:

 Spells                   Type           Power      Damage    Failure   Level
 Swiftness                Air            19%        N/A       9%          3
 Freeze                   Ice            4%         1d3       16%         1
 Hailstorm                Conj/Ice       8%         3d4       24%         3
 Frozen Ramparts          Ice            2%         1d1       41%         3
 Airstrike                Air            9%         2d(2-18)  26%         4


Dungeon Overview and Level Annotations

Branches:
Dungeon (3/15)


Innate Abilities, Weirdness & Mutations

You have an increased reservoir of magic. (+10% MP)
You shall have no god before yourself.
Your divine heritage dramatically boosts your attributes as you level up.


Message History

A giant cockroach is nearby!
Aim: a giant cockroach (asleep, 100% to hit)
The zap hits the giant cockroach.
Aim: a giant cockroach (severely wounded, 71% to hit)
The zap hits the giant cockroach.
You kill the giant cockroach!
You see here a giant cockroach corpse.
An adder comes into view.
The adder hisses angrily.
Aim: an adder (53% to hit)
The zap hits the adder!
Aim: an adder (severely wounded, 53% to hit)
The zap hits the adder.
Aim: an adder (almost dead, 53% to hit)
The zap misses the adder.
Aim: an adder (almost dead, 53% to hit)
The zap hits the adder.
You kill the adder!
A giant cockroach comes into view.
Found a stone staircase leading down.
A giant cockroach is nearby!
Aim: a giant cockroach (asleep, 100% to hit)
The zap hits the giant cockroach.
You kill the giant cockroach!
You can't see any susceptible monsters within range! (Use Z to cast anyway.) Unknown command.
An adder comes into view.
The adder hisses angrily.
An adder is nearby!
An adder is nearby!
Aim: an adder (53% to hit)
The zap hits the adder!
An endoplasm comes into view.
Aim: an adder (severely wounded, 53% to hit)
You miscast Shock.
You are very lightly contaminated with residual magic.
Nothing appears to happen.
Aim: an adder (severely wounded, 53% to hit)
The zap misses the adder.
Aim: an adder (severely wounded, 53% to hit)
The zap hits the adder.
You kill the adder!
Your Conjurations skill increases to level 3!
Your Air Magic skill increases to level 4!
Aim: an endoplasm (98% to hit)
The zap misses the endoplasm.
Aim: an endoplasm (98% to hit)
The zap hits the endoplasm.
The endoplasm jiggles.
Aim: an endoplasm (lightly wounded, 98% to hit)
The zap hits the endoplasm!
You kill the endoplasm!
Your magical contamination has completely faded away.
You see here an adder corpse.
Found a whip.
You can't see any susceptible monsters within range! (Use Z to cast anyway.) Unknown command.
l - a scarf of shadows You start putting on your armour.
You continue putting on your scarf of shadows. x4
You finish putting on your scarf of shadows.
It gets dark.
You now have 71 gold pieces (gained 10).
m - a ring of flight You fly up into the air.
m - a ring of flight (left hand) Search for what [Enter for "."]? armor Done exploring.
Done exploring.
Done exploring.
Done exploring.
You see here a giant cockroach corpse.
There is a stone staircase leading down here.
You fly downwards.
There is a stone staircase leading up here.
An orc comes into view. It is wielding a +0 mace.
The orc shouts!
An orc is nearby!
An orc is nearby!
The zap hits the orc.
The zap hits the orc but does no damage.
The orc hits you with a +0 mace.
You hit the orc but do no damage. The orc barely misses you.
You hit the orc but do no damage. The orc misses you.
The zap hits the orc but does no damage.
The zap hits the orc.
The orc closely misses you.
The zap misses the orc.
The zap hits the orc but does no damage.
The orc hits you with a +0 mace.
The zap hits the orc.
You kill the orc!
Things that are here:
a +0 mace; a +0 chain mail; an orc corpse You now have 85 gold pieces (gained 14).
A sleepcap comes into view. 2 sleepcaps come into view.
Found a stone staircase leading down.
You reach to attack!
You hit the sleepcap.
Aim: a sleepcap (lightly damaged, 100% to hit)
The zap hits the sleepcap!
The sleepcap releases spores at you.
Aim: a sleepcap (moderately damaged, 100% to hit)
The zap hits the sleepcap.
The sleepcap misses you.
Aim: a sleepcap (heavily damaged, 100% to hit)
The zap hits the sleepcap but does no damage.
The sleepcap releases spores at you.
You are engulfed in a cloud of soporific spores!
You fall asleep.
The sleepcap releases spores at you!
You wake up.
* * * LOW HITPOINT WARNING * * *
Aim: a sleepcap (heavily damaged, 100% to hit)
The zap hits the sleepcap.
The sleepcap releases spores at you.
* * * LOW HITPOINT WARNING * * *
You are engulfed in a cloud of soporific spores!
You are unaffected.
Aim: a sleepcap (severely damaged, 100% to hit)
The zap hits the sleepcap.
The sleepcap closely misses you.
Aim: a sleepcap (almost destroyed, 100% to hit)
The zap hits the sleepcap but does no damage.
The sleepcap misses you.
Aim: a sleepcap (almost destroyed, 100% to hit)
That beam is likely to hit you.
Continue anyway?
Okay, then.
You miscast Shock.
You are very lightly contaminated with residual magic.
Nothing appears to happen.
The sleepcap closely misses you.
The zap hits the sleepcap but does no damage.
The sleepcap releases spores at you.
* * * LOW HITPOINT WARNING * * *
You are engulfed in a cloud of soporific spores!
You fall asleep.
The sleepcap releases spores at you.
You wake up.
* * * LOW HITPOINT WARNING * * *
The sleepcap attacks as you move away! The sleepcap barely misses you.
The sleepcap attacks as you move away! The sleepcap barely misses you.
The zap hits the sleepcap but does no damage.
The zap hits the sleepcap. x3; The sleepcap misses you.
You miscast Shock.
Nothing appears to happen.
The sleepcap closely misses you.
You hit the sleepcap.
You destroy the sleepcap!
The sleepcap completely misses you.
You hit the sleepcap but do no damage. The sleepcap barely misses you.
You hit the sleepcap but do no damage. The sleepcap releases spores at you.
* * * LOW HITPOINT WARNING * * *
You are engulfed in a cloud of soporific spores!
You fall asleep.
The sleepcap releases spores at you!
You wake up.
* * * LOW HITPOINT WARNING * * *
The zap hits the sleepcap. x2; The sleepcap releases spores at you.
You die...

##..#. ......
# .f.... .#
..f...##.#.#
#.....#
####.#...#
#....# .>#
#.##f# ##
###..@##
#...#.# #####
#...#.# #...#
#...#.# #.#.#
#.....###.#.#
#...#...#.#.#
#...#.#.#.#.#
#...).#.....#
#...#####..<#


You could see a sleepcap.

Vanquished Creatures
  Jessica (D:2)
  A sleepcap (D:3)
  Terence (D:2)
  4 adders (D:2)
  A worm (D:2)
  An orc (D:3)
  5 bats
  3 endoplasms
  3 giant cockroaches
  3 goblins (D:1)
  2 hobgoblins (D:2)
  A kobold (D:1)
  A ball python (D:2)
  3 frilled lizards
  5 rats
35 creatures vanquished.

Notes
Turn   | Place    | Note
-------+----------+-------------------------------------------
     0 | D:1      | CryoSword the Demigod Air Elementalist began the quest for
                  | the Orb.
     0 | D:1      | Reached XP level 1. HP: 14/14 MP: 5/5
   134 | D:1      | Reached skill level 1 in Conjurations
   461 | D:1      | Reached skill level 3 in Air Magic
   647 | D:1      | Reached XP level 2. HP: 20/20 MP: 2/7
   777 | D:1      | Learned a level 2 spell: Static Discharge
  1063 | D:2      | Noticed Jessica
  1069 | D:2      | Killed Jessica
  1070 | D:2      | Reached XP level 3. HP: 26/26 MP: 1/8
  1161 | D:2      | Noticed Terence
  1342 | D:2      | Killed Terence
  1548 | D:2      | Reached XP level 4. HP: 33/33 MP: 7/9
  2219 | D:2      | Reached skill level 4 in Air Magic
  2445 | D:3      | HP: 1/33 [sleepcap (9)]
  2446 | D:3      | Slain by a sleepcap

Illustrated notes

Levels and vault maps discovered:
D:1:      tarquinn_simple_flora_water_b, layout_loops_ring,
          chequers_ecumenical_altar_simple
D:2:      layout_basic, uniq_jessica, uniq_terence
D:3:      layout_basic, hellmonk_no_cap

Skill      XL: |  1  2  3  4 |
---------------+-------------+-----
Conjurations   | 1 2 3 |  3.1
Air Magic      | 3 4 |  4.1
Fighting       | |  0.1
Polearms       | |  0.1
Dodging        | |  1.7
Stealth        | |  1.7
Spellcasting   | |  1.8

Action                     |  1- 3 |  4- 6 || total
---------------------------+-------+-------++-------
  Melee: Unarmed           |     3 |       ||     3
         Club              |     1 |       ||     1
         Spear             |       |     8 ||     8
   Cast: Shock             |    54 |    40 ||    94
         Static Discharge  |     3 |     1 ||     4
    Use: Potion            |     1 |       ||     1
 Armour: Robe              |     2 |     1 ||     3
  Dodge: Dodged            |    17 |    15 ||    32

Table legend: (Time is in decaauts)
 A = Elapsed time spent in this place.
 B = Non-inter-level travel time spent in this place.
 C = Inter-level travel time spent in this place.
 D = Time resting spent in this place.
 E = Time spent auto-exploring this place.
 F = Levels seen in this place.
 G = Mean time per level.
                   A        B        C        D        E       F      G
               +--------+--------+--------+--------+--------+-----+--------+
         Total |   2445 |   2381 |     64 |      0 |   2117 |   3 |  815.0 |
       Dungeon |   2445 |   2381 |     64 |      0 |   2117 |   3 |  815.0 |
               +--------+--------+--------+--------+--------+-----+--------+

Top non-repeatable levels by time:
     D:2: 1248 daAuts
     D:1: 1106 daAuts
     D:3: 90 daAuts
